 Dungeon Crawl Stone Soup version 0.26-a0-670-g578ab304f5 (webtiles) character file.

Game seed: 3533397497537566167

28 PentaManta the Ruffian (level 3, -4/31 HPs)
             Began as a Ghoul Berserker on Oct 19, 2020.
             Was a Follower of Trog.
             Shot with a stone by a goblin (8 damage)
             ... led by Robin
             ... on level 2 of the Dungeon.
             The game lasted 00:01:10 (220 turns).

PentaManta the Ruffian (Ghoul Berserker)             Turns: 220, Time: 00:01:11

Health: -4/31      AC:  2    Str: 20    XL:     3   Next: 14%
Magic:  2/2        EV: 12    Int:  3    God:    Trog [*.....]
Gold:   3          SH:  0    Dex:  8    Spells: 2/2 levels left

rFire    . . .     SeeInvis .     - Unarmed
rCold    + . .     Faith    .   (no shield)
rNeg     + + +     Spirit   .   c - +0 robe (curse)
rPois    ∞         Reflect  .   (no helmet)
rElec    .         Harm     .   (no cloak)
rCorr    .         Rampage  .   (no gloves)
MR       .....                  (no boots)
Stlth    +.........             (no amulet)
HPRegen  0.00/turn              (no ring)
MPRegen  0.08/turn              (no ring)

@: no status effects
A: rotting body, claws 1, cold resistance 1, negative energy resistance 3,
inhibited regeneration, torment resistance, unbreathing
a: Renounce Religion


You were on level 2 of the Dungeon.
You worshipped Trog.
Trog was aware of your devotion.
You visited 1 branch of the dungeon, and saw 2 of its levels.

You collected 3 gold pieces.

Inventory:

Armour
 c - a cursed +0 robe (worn)
Scrolls
 b - 2 scrolls of remove curse {unknown}


   Skills:
 - Level 3.2 Fighting
 - Level 1.7 Armour
 - Level 1.7 Dodging
 + Level 4.6 Unarmed Combat


You had 2 spell levels left.
You didn't know any spells.
Your spell library was empty.

Dungeon Overview and Level Annotations

Branches:
Dungeon (1/15)

Altars:
Dithmenos
Kikubaaqudgha
Uskayaw
Vehumet

Annotations:
D:2 Robin, Sigmund


Innate Abilities, Weirdness & Mutations

Your body is rotting away.
You thrive by killing the living.
You are immune to poison.
You have sharp fingernails.
Your flesh is cold resistant. (rC+)
You are immune to negative energy. (rN+++)
You do not regenerate when monsters are visible.
You are immune to unholy pain and torment.
You can survive without breathing.


Message History

The adder barely misses you. The adder bites you.
* * * LOW HITPOINT WARNING * * *
You claw the adder!
The adder is severely wounded.
The adder closely misses you.
You scratch the adder.
You kill the adder!
Trog accepts your kill.
You have reached level 3!
Your experience leads to an increase in your attributes!
Increase (S)trength, (I)ntelligence, or (D)exterity?
You feel stronger.
A goblin comes into view. It is wielding a +0 dagger.
The goblin shouts!
The hobgoblin hits you.
* * * LOW HITPOINT WARNING * * *
The goblin unwields a +0 dagger.
The goblin wields a +0 hunting sling.
The goblin shoots a stone.
The stone hits you!
You die...

#.#)######## #...#
########.##
#########.........#
#.......#.######..#
#.......#.# #..#
#.......#.######..# ###
#.............##..#
#...
#.......@..##.##..#...
#.....gg#..##.#...#.#
#...†...#.g.g...g...#.#
####.g####.#....gg....#
#....##.#...#g##..#PP#
##.#.##.#####.# ##..#
#.#g##.# #†# .._#
#.#.##.# ##g###....#
#[.g...# ##g.....⌠._


You could see a hobgoblin and 4 goblins.

Vanquished Creatures
  2 adders (D:2)
  A dart slug (D:2)
  A giant cockroach (D:2)
  3 jackals (D:2)
  A frilled lizard (D:2)
  A goblin (D:2)
9 creatures vanquished.

Notes
Turn   | Place    | Note
-------+----------+-------------------------------------------
     0 | D:1      | PentaManta the Ghoul Berserker began the quest for the Orb.
     0 | D:1      | Reached XP level 1. HP: 19/19 MP: 0/0
    40 | D:1      | You fall into a shaft and drop 1 floor!
    86 | D:2      | Reached XP level 2. HP: 23/26 MP: 1/1
   131 | D:2      | Found an ancient bone altar of Kikubaaqudgha.
   131 | D:2      | Found a hide-covered altar of Uskayaw.
   135 | D:2      | Found a shadowy altar of Dithmenos.
   155 | D:2      | Found a radiant altar of Vehumet.
   163 | D:2      | Reached skill level 4 in Unarmed Combat
   172 | D:2      | Noticed Sigmund
   172 | D:2      | Noticed Robin
   214 | D:2      | Reached XP level 3. HP: 7/31 MP: 2/2
   220 | D:2      | Shot with a stone by a goblin

Illustrated notes

Levels and vault maps discovered:
D:1:      lemuel_arrival_rhombus, layout_basic, kennysheep_boxes
D:2:      layout_loops_corners, overflow_temple_1_default, vehumet_crystals,
          gammafunk_temple_overflow_forgotten, serial_undead, serial_undead_b,
          serial_undead_e, serial_undead_d, serial_undead_c,
          uniq_crazy_yiuf_cottage, uniq_sigmund, uniq_robin

Skill      XL: |  1  2 |
---------------+-------+-----
Unarmed Combat | 4 |  4.6
Fighting       | |  3.2
Armour         | |  1.7
Dodging        | |  1.7

Action                   || total
-------------------------++-------
Melee: Unarmed           ||    20
Armor: Robe              ||     2
Dodge: Dodged            ||    18

Table legend: (Time is in decaauts)
 A = Elapsed time spent in this place.
 B = Non-inter-level travel time spent in this place.
 C = Inter-level travel time spent in this place.
 D = Time resting spent in this place.
 E = Time spent auto-exploring this place.
 F = Levels seen in this place.
 G = Mean time per level.
                   A        B        C        D        E       F      G
               +--------+--------+--------+--------+--------+-----+--------+
         Total |    218 |    218 |      0 |      0 |    124 |   2 |  109.0 |
       Dungeon |    218 |    218 |      0 |      0 |    124 |   2 |  109.0 |
               +--------+--------+--------+--------+--------+-----+--------+

Top non-repeatable levels by time:
     D:2: 178 daAuts
     D:1: 40 daAuts
